 Dungeon Crawl Stone Soup version 0.30-a0-739-gea05faddec (console) character file.

Game seed: 9745147432026679536

174754 Banquo the Eclecticist (level 18, -2/135 HPs)
             Began as a Djinni Earth Elementalist on Feb 4, 2023.
             Was an Initiate of Gozag.
             Blown up by an orb spider (57 damage)
             ... with an orb of destruction
             ... on level 2 of the Spider Nest on Feb 5, 2023.
             The game lasted 03:03:34 (27971 turns).

Banquo the Eclecticist (Djinni Earth Elementalist) Turns: 27971, Time: 03:03:34

Health: -2/135     AC: -1    Str: 14    XL:     18   Next: 73%
Gold:   6497       EV: 14    Int: 25    God:    Gozag SH: 16 Dex: 10

rFire   + + .      SeeInvis +    a - +6 scimitar {freeze, rC+ Str+4}
rCold   + + .      Faith    .    i - +1 tower shield
rNeg    + . .      Spirit   .    d - +2 robe {rC+}
rPois   ∞          Reflect  .    h - +2 helmet of Darkness {Will+ Str+3 Dex-4 SInv}
rElec   .          Harm     .    e - +2 cloak
rCorr   .          Rampage  .    (no gloves)
Will    ++...                    (boots unavailable)
Stlth   ++                       n - amulet of regeneration
HPRegen 1.22/turn                C - ring "Runaniukk" {+Blink Fly rC+ rN+}
MPRegen 0.00/turn                W - ring of wizardry

@: corroded, gold aura, flying
A: sickness immunity, fire resistance 2, cold vulnerability 1, float, innate
caster, HP casting, extra vitality 1
a: Renounce Religion, Evoke Blink, Potion Petition, Call Merchant, Bribe Branch


You were on level 2 of the Spider Nest.
You worshipped Gozag.
Gozag was greatly pleased with you.
You visited 4 branches of the dungeon, and saw 24 of its levels.
You also visited: Sewer and Gauntlet.

You collected 10050 gold pieces.
You spent 1537 gold pieces at shops.
You paid 2016 gold pieces to Gozag.

Inventory:

Hand Weapons
 a - the +6 scimitar of Xottinea (weapon) {freeze, rC+ Str+4}
   (You bought it in a shop on level 2 of the Orcish Mines)

   Str:       It affects your strength (+4).
   rC:        It protects you from cold.
 j - a +1 vampiric hand axe
 P - a +4 scimitar of flaming
Missiles
 w - 11 boomerangs
 I - 6 javelins
Armour
 d - a +2 robe of cold resistance (worn)
 e - a +2 cloak (worn)
 h - the +2 helmet of Darkness (worn) {Will+ Str+3 Dex-4 SInv}
   (You found it in a Gauntlet)

   Str:       It affects your strength (+3).
   Dex:       It affects your dexterity (-4).
   SInv:      It lets you see invisible.
   Will:      It increases your willpower.
 i - a +1 tower shield (worn)
 v - a +2 robe of willpower
Magical Staves
 c - a staff of earth
 E - a staff of air
Jewellery
 b - a +4 ring of protection
 n - an amulet of regeneration (around neck)
 r - an amulet of the acrobat
 y - a ring of protection from cold
 A - a +4 ring of protection
 C - the ring "Runaniukk" (left hand) {+Blink Fly rC+ rN+}
   (You bought it in a shop on level 8 of the Dungeon)

   [ring of flight]

   rC:        It protects you from cold.
   rN:        It protects you from negative energy.
   Fly:       It grants you flight.
   +Blink:    It lets you blink.
 S - a ring of see invisible
 W - a ring of wizardry (right hand)
Wands
 k - a wand of mindburst (43)
 D - a wand of digging (7)
 H - a wand of acid (5)
 K - a wand of iceblast (3)
 O - a wand of flame (26)
Scrolls
 l - 9 scrolls of blinking
 m - 6 scrolls of magic mapping
 t - 16 scrolls of teleportation
 x - a scroll of butterflies
 B - 5 scrolls of poison
 G - a scroll of enchant weapon
 Q - 2 scrolls of fog
 V - 9 scrolls of fear
Potions
 f - 5 potions of ambrosia
 g - 5 potions of resistance
 o - 9 potions of haste
 q - 4 potions of invisibility
 s - 6 potions of berserk rage
 u - 4 potions of cancellation
 z - 3 potions of heal wounds
 F - 13 potions of curing
 L - 6 potions of might
 N - 3 potions of brilliance
Miscellaneous
 p - a phantom mirror
 R - a box of beasts
 U - a lightning rod (4/4)


   Skills:
 * Level 14.0 Fighting
 * Level 5.2 Long Blades
 - Level 4.0 Armour
 - Level 14.5 Dodging
 - Level 1.5 Stealth
 * Level 11.3 Shields
 + Level 18.2 Spellcasting


You had 11 spell levels left.
You knew the following spells:

 Your Spells              Type           Power      Damage    Failure   Level
a - Sandblast             Erth           100%       2d20      0%          1
b - Sting                 Tmut/Pois      100%       1d8       0%          1
c - Stone Arrow           Conj/Erth      100%       3d13      0%          3
d - Dispersal             Tloc           42%        N/A       1%          6
e - Cause Fear            Hex            42%        N/A       1%          4
f - Frozen Ramparts       Ice            100%       1d16      0%          3
g - Spellforged Servitor  Conj/Summ      42%        N/A       2%          7
m - Momentum Strike       Conj/Tloc      100%       3d10      0%          2
p - Petrify               Tmut/Erth      85%        N/A       1%          4
w - Passwall              Tmut/Erth      70%        N/A       0%          2
L - Blade Hands           Tmut           42%        N/A       1%          5
Y - Summon Ice Beast      Ice/Summ       85%        N/A       1%          4
Your spell library was empty.

Dungeon Overview and Level Annotations

Branches:
Dungeon (15/15)            Temple (0/1) D:6            Lair (5/5) D:8
  Swamp (0/4) Lair:2       Spider (2/4) Lair:2        Slime (0/5) Lair:4
    Orc (2/2) D:11            Elf (0/3) Orc:2        Vaults (0/5) D:13
 Depths (0/4) D:15          Sewer (visited)         Gauntlet (visited)

Altars:
Cheibriados
Fedhas
Gozag
Qazlal
Ru
Uskayaw
Xom
Yredelemnul
Jiyva

Shops:
D:8 ?=   D:9 *   Orc:2 =([*

Annotations:
D:14 1 transporter


Innate Abilities, Weirdness & Mutations

You are immune to sickness and miasma.
You are immune to poison.
Your flesh is very heat resistant. (rF++)
You are vulnerable to cold. (rC-)
You float through the air rather than walking.
You learn spells naturally, not from books.
Your magical power is your life essence.
You have superior vitality. (+4 MHP)


Message History

Casting: Spellforged Servitor (dangerous; 2% risk of failure)
Confirm with . or Enter, or press ? or * to list all spells.
Casting: Dispersal (mildly dangerous; 1% risk of failure)
Press: ? - help, Dir - look around, f - activate Your spellforged servitor blinks!
The wolf spider blinks!
The wolf spider appears confused.
The culicivora blinks!
The culicivora appears confused.
The tarantella disappears!
The orb spider weaves a glowing orb of energy.
Your spellforged servitor casts a spell at the culicivora.
The stone arrow hits the culicivora!!!
The culicivora dies!
An orb of destruction comes into view.
Unknown command.
A jorogumo comes into view.
The jorogumo shouts!
The jumping spider leaps!
The orb spider spins a strand of pure energy.
The culicivora seems less confused.
The orb of destruction hits you!!!
* * * LOW HITPOINT WARNING * * *
The jumping spider leaps! [a] - 105 gold - heal wounds [b] - 442 gold - lignification, might and resistance [c] - 240 gold - haste Purchase which effect?
You feel much better.
The orb spider is healed somewhat.
The orb spider weaves a glowing orb of energy.
An orb of destruction comes into view. [a] - 270 gold - resistance [b] - 184 gold - heal wounds and curing [c] - 232 gold - might and brilliance Purchase which effect?
You feel much better.
You feel better.
Your spellforged servitor points at the orb spider and mumbles some strange words.
The stone arrow hits the orb spider!!!
The orb spider dies!
A radroach comes into view.
The culicivora bites you! The culicivora barely misses you.
The jumping spider leaps!
The orb of destruction hits you!!!
You die...

#^..# ..# #...# ..##
....#### $^.# .^..#.}###
##..# ........^# #$.# ##
#........## ##.###.##
###.......# ###.°○○$9..#
..#.......## #..○○$......
...!.......###..@s$$.....
##........^#^....H.......
##...................^^#
##...................○#
#.....................
#..................B.
##................##.
##......##########
#.....##


You could see a jorogumo, a radroach, a culicivora and a friendly spellforged
servitor (summoned).

Vanquished Creatures
  Rupert (Lair:4)
  Jorgrun (Orc:1)
  An emperor scorpion (Spider:1)
  2 ghost moths (Spider:1)
  2 orc warlords (Orc:1)
  2 stone giants
  A broodmother (Spider:1)
  A minotaur (Gauntlet)
  A fire dragon (D:13)
  Josephine (D:11)
  Fannar (D:11)
  An entropy weaver (Spider:2)
  A yaktaur captain (D:13)
  An ogre mage (D:14)
  A jorogumo (Spider:2)
  6 hydras
  2 catoblepae
  3 boulder beetles
  Erica (D:10)
  A centaur warrior (D:14)
  A tengu warrior (D:14)
  2 radroaches
  8 death yaks (Lair:5)
  Sonja (Lair:2)
  2 orc high priests
  A skeletal warrior (D:14)
  2 pharaoh ants
  2 sea snakes (Lair:5)
  3 orb spiders
  A bog body (Lair:2)
  2 wizards (D:13)
  A steelbarb worm (Spider:2)
  9 orc knights
  5 wolf spiders
  A harpy (D:12)
  A necromancer (D:13)
  2 orc sorcerers (Orc:2)
  4 ugly things
  6 deep elf pyromancers
  7 manticores
  4 cyclopes
  6 elephants
  3 demonic crawlers
  A torpor snail (Lair:5)
  13 cane toads
  3 gargoyles
  2 kobold demonologists (D:9)
  3 unseen horrors
  2 rime drakes
  7 komodo dragons
  2 efreet
  A freezing wraith (D:14)
  9 trolls
  2 wind drakes (Lair:5)
  5 polar bears
  11 tarantellas
  5 meliai
  13 blink frogs
  2 snapping turtles (Lair:5)
  4 slime creatures (D:13)
  8 jumping spiders
  A centaur simulacrum (D:12)
  5 culicivoras
  5 wraiths
  9 shadows
  25 yaks
  4 fire bats (Gauntlet)
  6 humans (D:13)
  19 redbacks
  4 basilisks
  6 wyverns
  A chaos spawn (D:13)
  4 steam dragons
  8 vampire mosquitoes
  Menkaure (D:4)
  An acid dragon (D:12)
  4 wargs
  11 water moccasins
  3 hell hounds
  2 black bears (D:4)
  A nameless horror (Spider:2)
  A sky beast (D:7)
  5 ice beasts
  29 orc warriors
  7 ogres
  7 centaurs
  2 phantoms
  6 wolves
  5 kobold brigands
  7 bullfrogs
  A necrophage (D:4)
  2 gnoll sergeants
  4 scorpions
  11 wights
  15 killer bees
  A howler monkey (D:8)
  5 hounds
  2 jellies
  2 gnoll boudas
  17 orc priests
  4 iguanas
  17 orc wizards
  2 hell rats (D:14)
  Terence (D:2)
  15 gnolls
  3 river rats (Sewer)
  12 adders
  3 white imps
  A worm (D:4)
  3 dart slugs
  71 orcs
  17 ball pythons
  7 bats
  5 endoplasms
  7 giant cockroaches
  7 hobgoblins
  6 jackals
  17 kobolds
  5 quokkas
  6 frilled lizards
  5 goblins
  23 rats
684 creatures vanquished.

Vanquished Creatures (collateral kills)
  An emperor scorpion (Spider:1)
  Nessos (D:15)
  An entropy weaver (Spider:2)
  3 hydras
  2 vault guards (D:13)
  A catoblepas (D:14)
  2 centaur warriors
  A boulder beetle (D:13)
  A merfolk avatar (Lair:5)
  A two-headed ogre (D:14)
  2 death yaks (Lair:5)
  A tengu warrior (D:13)
  A fire crab (Gauntlet)
  5 skeletal warriors
  A sea snake (Lair:5)
  3 pharaoh ants
  3 steelbarb worms
  2 wizards
  An orb spider (Spider:2)
  A steelbarb worm (shapeshifter) (D:14)
  A deep elf pyromancer (D:12)
  A necromancer (D:13)
  6 wolf spiders
  An orc sorcerer (Orc:1)
  3 manticores
  8 ugly things
  3 cyclopes
  A black mamba (Lair:2)
  5 elephants (Lair:5)
  2 demonic crawlers (Spider:1)
  2 torpor snails
  3 rime drakes
  2 yaktaurs (D:15)
  2 komodo dragons
  2 meliai (Spider:2)
  A polar bear (Lair:5)
  2 trolls
  A wolf spider simulacrum (D:15)
  10 tarantellas
  5 blink frogs
  A hornet (D:14)
  A tarantella (shapeshifter) (D:15)
  A vampire (D:13)
  5 jumping spiders
  A slime creature (D:13)
  6 culicivoras
  10 yaks
  2 wraiths
  A chaos spawn (D:13)
  2 basilisks (D:14)
  12 humans (D:13)
  13 redbacks
  A basilisk (shapeshifter) (D:14)
  2 vampire mosquitoes (D:11)
  A warg (Orc:2)
  A hell hound (Gauntlet)
  9 orc warriors
  A wolf (Lair:4)
  A boggart (D:12)
  4 centaurs
  A howler monkey (D:12)
  2 orc priests
  Crazy Yiuf (D:2)
  An orc wizard (D:13)
  6 hell rats (D:14)
  13 orcs
  2 butterflies (Lair:2)
196 creatures vanquished.

Vanquished Creatures (others)
  A rime drake (D:14)
  A jumping spider (Spider:2)
  14 demonic plants (Gauntlet)
  43 fungi
  32 plants
91 creatures vanquished.

Grand Total: 971 creatures vanquished

Notes
Turn   | Place    | Note
-------+----------+-------------------------------------------
     0 | D:1      | Banquo the Djinni Earth Elementalist began the quest for
                  | the Orb.
     0 | D:1      | Banquo set off with the following spells memorised:
                  | Sandblast, Passwall, Stone Arrow, Petrify.
     0 | D:1      | Reached XP level 1. HP: 15/15 MP: 0/0
     6 | D:1      | Noticed an electric eel
   136 | D:1      | Found a faded altar of an unknown god.
   143 | D:1      | Prayed at the altar of an unknown god.
   143 | D:1      | Became a worshipper of Gozag Ym Sagoz the Greedy
   474 | D:1      | Reached XP level 2. HP: 21/22 MP: 0/0
   983 | D:2      | Reached skill level 3 in Spellcasting
  1029 | D:2      | Reached skill level 1 in Fighting
  1029 | D:2      | Reached XP level 3. HP: 27/27 MP: 0/0
  1029 | D:2      | Learned a level 1 spell: Sting
  1136 | D:2      | Noticed Terence
  1181 | D:2      | Killed Terence
  1182 | D:2      | Reached XP level 4. HP: 30/32 MP: 0/0
  1355 | D:2      | Found a runed translucent door.
  1356 | D:2      | Noticed Crazy Yiuf
  1894 | D:3      | Identified the amulet of Vuipn {Acrobat Rampage Drain rN+
                  | Stlth+}
  1904 | D:3      | Found a sacrificial altar of Ru.
  1911 | D:3      | Reached XP level 5. HP: 37/38 MP: 0/0
  1911 | D:3      | Learned a level 2 spell: Momentum Strike
  2072 | D:3      | Reached skill level 4 in Spellcasting
  2388 | D:4      | Noticed Menkaure
  2389 | D:4      | Noticed a black bear
  2393 | D:4      | Killed Menkaure
  2394 | D:4      | Reached skill level 1 in Armour
  2394 | D:4      | Reached skill level 1 in Shields
  2394 | D:4      | Reached XP level 6. HP: 40/43 MP: 0/0
  2457 | D:4      | Killed a black bear
  2458 | D:4      | Reached XP level 7. HP: 45/49 MP: 0/0
  2458 | D:4      | Learned a level 3 spell: Frozen Ramparts
  2557 | D:4      | Reached skill level 5 in Spellcasting
  2643 | D:4      | Found a hide-covered altar of Uskayaw.
  2827 | D:4      | Reached XP level 8. HP: 49/56 MP: 0/0
  3395 | D:4      | Found a hide-covered altar of Uskayaw.
  3519 | D:5      | Entered Level 5 of the Dungeon
  3789 | D:5      | Reached skill level 6 in Spellcasting
  4192 | D:5      | Reached XP level 9. HP: 47/62 MP: 0/0
  4192 | D:5      | Learned a level 4 spell: Summon Ice Beast
  4476 | D:6      | Found a staircase to the Ecumenical Temple.
  4488 | D:6      | Reached skill level 7 in Spellcasting
  4567 | D:6      | Found a blossoming altar of Fedhas.
  4648 | D:6      | Found a glowing drain.
  4673 | Sewer    | Entered a sewer
  5014 | D:6      | Reached skill level 5 in Dodging
  5055 | D:6      | Found a shimmering altar of Xom.
  5143 | D:6      | Found a snail-covered altar of Cheibriados.
  5355 | D:7      | Reached XP level 10. HP: 63/69 MP: 0/0
  5425 | D:7      | Found a basalt altar of Yredelemnul.
  5669 | D:7      | Noticed a manticore
  5789 | D:7      | Reached skill level 8 in Spellcasting
  6077 | D:7      | Reached skill level 5 in Fighting
  6287 | D:7      | Killed a manticore
  6627 | D:8      | Reached skill level 9 in Spellcasting
  6628 | D:8      | Noticed a rime drake
  6637 | D:8      | Killed a rime drake
  6752 | D:8      | Found a staircase to the Lair.
  6942 | D:8      | Reached XP level 11. HP: 73/76 MP: 0/0
  6942 | D:8      | Learned a level 4 spell: Cause Fear
  7459 | D:9      | Identified a scroll of acquirement
  7542 | D:9      | Found Gozag's Platinum Reserve.
  7542 | D:9      | Found an opulent altar of Gozag.
  7818 | D:9      | Reached skill level 10 in Spellcasting
  8405 | Lair:1   | Entered Level 1 of the Lair of Beasts
  8466 | Lair:1   | Reached skill level 11 in Spellcasting
  8523 | Lair:1   | Noticed a five-headed hydra
  8529 | Lair:1   | Killed a five-headed hydra
  8573 | Lair:1   | Reached XP level 12. HP: 65/85 MP: 0/0
  8587 | Lair:1   | Reached XP level 13. HP: 89/94 MP: 0/0
  8587 | Lair:1   | Learned a level 5 spell: Blade Hands
  8630 | Lair:1   | You are sucked into a shaft and drop 1 floor!
  8774 | Lair:2   | Found a hole to the Spider Nest.
  8824 | Lair:2   | Noticed Sonja
  8835 | Lair:2   | Killed Sonja
  9089 | Lair:1   | Reached skill level 12 in Spellcasting
  9505 | D:8      | Bought the ring "Runaniukk" {+Blink Fly rC+ rN+} for 512
                  | gold pieces
  9507 | D:8      | Bought a ring of see invisible for 180 gold pieces
 10033 | Lair:2   | Reached skill level 10 in Fighting
 10065 | Lair:2   | Found a staircase to the Swamp.
 10531 | Lair:3   | Noticed a four-headed hydra
 10537 | Lair:3   | Killed a four-headed hydra
 11257 | Lair:4   | Noticed Rupert
 11431 | Lair:4   | Reached skill level 13 in Spellcasting
 11517 | Lair:4   | Found a viscous altar of Jiyva.
 11517 | Lair:4   | Found a staircase to the Slime Pits.
 11698 | Lair:4   | Killed Rupert
 11699 | Lair:4   | Reached XP level 14. HP: 87/103 MP: 0/0
 11979 | Lair:5   | Entered Level 5 of the Lair of Beasts
 12072 | Lair:5   | Reached XP level 15. HP: 108/111 MP: 0/0
 12072 | Lair:5   | Learned a level 6 spell: Dispersal
 12608 | Lair:5   | Reached skill level 14 in Spellcasting
 14279 | D:10     | Entered Level 10 of the Dungeon
 14336 | D:10     | Found a stormy altar of Qazlal.
 14686 | D:10     | Reached skill level 15 in Spellcasting
 14765 | D:10     | Noticed Erica
 14773 | D:10     | Killed Erica
 15089 | D:11     | Noticed Josephine
 15098 | D:11     | Killed Josephine
 15642 | D:2      | Killed Crazy Yiuf
 16433 | D:11     | Reached XP level 16. HP: 112/118 MP: 0/0
 16735 | D:11     | Noticed Fannar
 16748 | D:11     | Killed Fannar
 16900 | D:11     | Found a staircase to the Orcish Mines.
 17336 | D:12     | Found a runed translucent door.
 17338 | D:12     | Found a runed translucent door.
 17338 | D:12     | Found a runed translucent door.
 18611 | D:12     | Identified the +4 halberd of the Pyrrhic Victory {flame,
                  | Str+6 Int+2}
 18958 | Orc:1    | Entered Level 1 of the Orcish Mines
 19154 | Orc:2    | Entered Level 2 of the Orcish Mines
 19521 | Orc:2    | Found Zuibret's Antique Armour Emporium.
 19564 | Orc:2    | Bought a translucent buckler for 285 gold pieces
 19564 | Orc:2    | Identified the +3 buckler "Forget-Me-Not" {+Inv rF+ rN+
                  | Int-5} (You bought it in a shop on level 2 of the Orcish
                  | Mines)
 19575 | Orc:2    | Found Kadwesya's General Store.
 19586 | Orc:2    | Bought a potion of haste for 100 gold pieces
 19700 | Orc:2    | Found Arphieck's Antique Weapon Boutique.
 19708 | Orc:2    | Bought a masterwork scimitar for 324 gold pieces
 19708 | Orc:2    | Identified the +6 scimitar of Xottinea {freeze, rC+ Str+4}
                  | (You bought it in a shop on level 2 of the Orcish Mines)
 19766 | Orc:2    | Found a staircase to the Elven Halls.
 20065 | Orc:2    | Found Ciomue's Jewellery Shop.
 20478 | Orc:1    | Reached skill level 1 in Long Blades
 20526 | Orc:1    | Reached skill level 16 in Spellcasting
 20626 | Orc:1    | Noticed Jorgrun
 20649 | Orc:1    | Killed Jorgrun
 22069 | D:13     | Found a gate leading to a gauntlet.
 22099 | Gauntlet | Entered a Gauntlet
 22099 | Gauntlet | Found a transporter.
 22099 | Gauntlet | Found a transporter.
 22115 | Gauntlet | Found a transporter.
 22119 | Gauntlet | Found a transporter.
 22132 | Gauntlet | Found a transporter.
 22154 | Gauntlet | Found a transporter.
 22159 | Gauntlet | Found a transporter.
 22167 | Gauntlet | Found a transporter.
 22184 | Gauntlet | Found a transporter.
 22192 | Gauntlet | Found a transporter.
 22209 | Gauntlet | Found a transporter.
 22220 | Gauntlet | Found a transporter.
 22307 | Gauntlet | Identified the +2 helmet of Darkness {Will+ Str+3 Dex-4
                  | SInv}
 22370 | Gauntlet | Reached XP level 17. HP: 83/126 MP: 0/0
 22370 | Gauntlet | Learned a level 7 spell: Spellforged Servitor
 22465 | Gauntlet | Identified the +2 war axe "Hiavidu" {flame, Str+3 Int+3}
 23046 | D:13     | Found a shimmering altar of Xom.
 23061 | D:13     | Found the +7 mace of Variability {chaos, chain chaos}
 23491 | D:13     | Reached skill level 10 in Shields
 23518 | D:13     | Found a gate to the Vaults.
 23732 | D:8      | Bought a scroll of teleportation for 39 gold pieces
 23732 | D:8      | Bought a scroll of blinking for 97 gold pieces
 24151 | D:14     | Reached skill level 17 in Spellcasting
 24335 | D:14     | Noticed a sphinx
 24400 | D:14     | Found a transporter.
 25134 | D:15     | Entered Level 15 of the Dungeon
 25319 | D:15     | Noticed Nessos
 25321 | D:15     | Killed Nessos
 25556 | D:15     | Found a staircase to the Depths.
 25563 | D:15     | Reached XP level 18. HP: 121/133 MP: 0/0
 25872 | Spider:1 | Entered Level 1 of the Spider Nest
 25872 | Spider:1 | You are sucked into a shaft and drop 1 floor!
 26963 | Spider:1 | Reached skill level 18 in Spellcasting
 27160 | Spider:1 | Reached skill level 5 in Long Blades
 27971 | Spider:2 | Blown up by an orb spider

Illustrated notes

Levels and vault maps discovered:
D:1:      arrival_aquarium_a, layout_basic,
          shapermc_ecumenical_altar_notcrosses, amcnicky_mini_corridor_feature
D:2:      layout_rooms, kennysheep_generic_room_12, uniq_crazy_yiuf_cottage,
          uniq_terence
D:3:      layout_loops_ring, nicolae_ru_great_annihilating_truth
D:4:      layout_gridville, mainiacjoe_overflow_surrounded_room, uniq_menkaure
D:5:      layout_loops_ring, grunt_ministairs_1, st_stairs_2
D:6:      layout_cave_pools, fedhas_bush_and_centaur_altar, cheibriados_altar_1,
          xom_butterflies, minmay_temple_entry_ruins, gup_sewer_entry_pipe
D:7:      layout_basic, lemuel_crystal_altar, minmay_manual_mullet
D:8:      layout_loops_cross, hellmonk_lair_entry_icy, minivault_1,
          serial_bayou_crossing
D:9:      layout_roguey, nicolae_gozag_zags_fifth_avenue, serial_park_tiny_2,
          nicolae_fountain_basement
D:10:     layout_stronghold, nicolae_qazlal_scattered_showers, uniq_erica
D:11:     layout_basic, david_orc_4, uniq_josephine, uniq_fannar
D:12:     minmay_the_grid_triangle_9x9_rhombus_full
          [minmay_the_grid_triangle_9x9_sparse_checkered,
          minmay_the_grid_triangle_9x9_limited_checkers,
          minmay_the_grid_triangle_9x9_odd_lines,
          minmay_the_grid_triangle_9x9_empty,
          minmay_the_grid_triangle_9x9_sprig,
          minmay_the_grid_triangle_9x9_corruption,
          minmay_the_grid_triangle_9x9_fully_insulated_deathbox,
          minmay_the_grid_triangle_9x9_prize_insulated], layout_basic
D:13:     nzn_winding_woodlands_small [nzn_winding_woodlands_5x15_zeroes,
          nzn_winding_woodlands_center_garden,
          nzn_winding_woodlands_5x15_pockets], layout_rooms,
          grunt_vaults_entry_tiered, gauntlet_entry_generic,
          minmay_guarded_unrand_variability
D:14:     gammafunk_sealed_library, layout_long_grid, hangedman_decor_points,
          special_room [special_room_mythical_zoo],
          minmay_fractal_squares_gapless_7
D:15:     grunt_enter_depths_giant_problem, layout_rooms, uniq_nessos
Lair:1:   layout_chaotic_city
Lair:2:   layout_loops_ring, skrybe_swamp_entry_bodies,
          nicolae_spider_entry_lesser_pyramids, lemuel_fruit_fields, uniq_sonja
Lair:3:   layout_long_grid
Lair:4:   layout_big_grid, slime_entry_1, uniq_rupert
Lair:5:   gammafunk_lair_ancient_temple, layout_hall_layers
Spider:1: layout_spider_delve
Spider:2: layout_cave_pods
Orc:1:    layout_caves, basic_altar, minmay_orc_temple_b, uniq_jorgrun
Orc:2:    grunt_orc_gardens, layout_caves, grunt_orc_garden, grunt_orc_garden,
          grunt_orc_garden, grunt_orc_garden, lightli_orcish_oven

Skill      XL: |  1  2  3  4  5  6  7  8  9 10 11 12 13 14 15 16 17 18 |
---------------+-------------------------------------------------------+-----
Spellcasting   | 3 4 5 6 7 9 11 13 15 16 17 18 | 18.2
Fighting       | 1 2 3 4 6 7 9 10 11 12 13 14 | 14.0
Armour         | 1 2 3 4 |  4.0
Shields        | 1 2 3 4 6 7 8 9 10 11 | 11.3
Dodging        | 3 4 5 7 8 11 12 13 14 | 14.5
Long Blades    | 2 3 5 |  5.2
Stealth        | |  1.5

Action                     |  1- 3 |  4- 6 |  7- 9 | 10-12 | 13-15 | 16-18 || total
---------------------------+-------+-------+-------+-------+-------+-------++-------
  Melee: Staff             |       |       |       |     1 |     2 |       ||     3
         Scimitar          |       |       |       |       |       |     2 ||     2
   Cast: Sandblast         |    29 |    49 |    11 |     6 |    13 |       ||   108
         Stone Arrow       |     1 |     2 |   164 |   181 |   412 |   829 ||  1589
         Petrify           |       |       |     1 |     4 |    13 |     2 ||    20
         Frozen Ramparts   |       |       |     3 |     2 |       |     1 ||     6
         Summon Ice Beast  |       |       |     1 |     3 |    53 |    49 ||   106
         Sting             |       |       |       |       |     6 |       ||     6
         Dispersal         |       |       |       |       |    22 |     7 ||    29
         Cause Fear        |       |       |       |       |     2 |       ||     2
         Spellforged Servi |       |       |       |       |       |    75 ||    75
 Invoke: Call Merchant     |       |       |       |       |     1 |     1 ||     2
         Potion Petition   |       |       |       |       |       |     4 ||     4
    Use: Scroll            |       |       |     9 |    14 |     6 |     2 ||    31
         Potion            |       |       |       |     1 |     1 |     2 ||     4
 Armour: Robe              |     2 |     4 |     6 |    14 |    29 |    65 ||   120
  Dodge: Dodged            |     2 |    24 |    28 |    59 |    81 |   161 ||   355
  Block: Tower shield      |       |       |       |       |    17 |   312 ||   329

Table legend: (Time is in decaauts)
 A = Elapsed time spent in this place.
 B = Non-inter-level travel time spent in this place.
 C = Inter-level travel time spent in this place.
 D = Time resting spent in this place.
 E = Time spent auto-exploring this place.
 F = Levels seen in this place.
 G = Mean time per level.
                   A        B        C        D        E       F      G
               +--------+--------+--------+--------+--------+-----+--------+
         Total |  28082 |  24280 |   3802 |   2421 |  12630 |  26 | 1080.1 |
       Dungeon |  16896 |  13894 |   3002 |   1141 |   8032 |  15 | 1126.4 |
          Lair |   5849 |   5206 |    643 |    399 |   2616 |   5 | 1169.8 |
   Spider Nest |   2109 |   2027 |     82 |    411 |    978 |   2 | 1054.5 |
  Orcish Mines |   2524 |   2450 |     74 |    416 |    989 |   2 | 1262.0 |
         Sewer |    279 |    279 |      0 |     24 |      0 |   1 |  279.0 |
      Gauntlet |    422 |    422 |      0 |     30 |     15 |   1 |  422.0 |
               +--------+--------+--------+--------+--------+-----+--------+

Top non-repeatable levels by time:
  Lair:5: 1931 daAuts
    D:12: 1849 daAuts
    D:13: 1454 daAuts
   Orc:1: 1447 daAuts
     D:8: 1397 daAuts
Spider:1: 1365 daAuts
     D:4: 1341 daAuts
    D:11: 1335 daAuts
     D:7: 1317 daAuts
    D:10: 1307 daAuts
    D:14: 1285 daAuts
   Orc:2: 1076 daAuts
     D:9: 1070 daAuts
  Lair:2: 1039 daAuts
  Lair:1: 988 daAuts
